 Dungeon Crawl Stone Soup version 0.20.1-1-g8b1a95d (console) character file.

182 hilaritas the Magician (level 5, -2/28 HPs)
             Began as a Deep Elf Conjurer on Aug 26, 2017.
             Slain by an orc priest
             ... wielding a +0 hand axe
              (11 damage)
             ... on level 3 of the Dungeon.
             The game lasted 00:04:46 (2515 turns).

hilaritas the Magician (Deep Elf Conjurer)          Turns: 2515, Time: 00:04:47

Health: -2/28      AC:  2    Str:  6    XL:     5   Next: 35%
Magic:  1/15       EV: 13    Int: 20    God:
Gold:   84         SH:  0    Dex: 15    Spells: 6/16 levels left

rFire    . . .     SeeInvis .   j - +0 dagger
rCold    . . .     Gourm    .   (no shield)
rNeg     . . .     Faith    .   a - +0 robe
rPois    .         Spirit   .   (no helmet)
rElec    .         Reflect  .   (no cloak)
rCorr    .         Harm     .   (no gloves)
MR       .....                  (no boots)
Stlth    ++........             (no amulet)
Regen    0.1/turn               (no ring)
MPRegen  0.2/turn               (no ring)

@: no status effects
A: no striking features
a: no special abilities


You were on level 3 of the Dungeon.
You were hungry.

You visited 1 branch of the dungeon, and saw 3 of its levels.

You collected 84 gold pieces.

Inventory:

Hand Weapons
 j - a +0 dagger (weapon)
Missiles
 l - 62 stones (quivered)
Armour
 a - a +0 robe (worn)
Scrolls
 e - a scroll of immolation {unknown}
 f - a scroll of fear {unknown}
 p - a scroll of remove curse {unknown}
 q - 2 scrolls of identify {unknown}
 t - a scroll of teleportation {unknown}
Potions
 d - a potion of haste {unknown}
 g - 2 potions of curing {unknown}
 h - a potion of mutation {unknown}
 i - a potion of flight {unknown}
 k - a potion of agility {unknown}
 n - 2 potions of brilliance {unknown}
 s - a potion of ambrosia {unknown}
Books
 b - a book of Conjurations

   Spells                             Type                      Level
   a - Magic Dart                     Conjuration                  1
   b - Searing Ray                    Conjuration                  2
   c - Dazzling Spray                 Conjuration/Hexes            3
   d - Fulminant Prism                Conjuration/Hexes            4
   e - Force Lance                    Conjuration/Translocation    4
   f - Iskenderun's Mystic Blast      Conjuration                  4
Comestibles
 c - 2 bread rations
 m - a meat ration
 o - 5 fruits


   Skills:
 - Level 2.4 Dodging
 - Level 2.4 Stealth
 - Level 6.0 Spellcasting
 * Level 5.8 Conjurations


You had 6 spell levels left.
You knew the following spells:

 Your Spells              Type           Power        Failure   Level  Hunger
a - Magic Dart            Conj           ####         1%          1    None
b - Searing Ray           Conj           ####..       1%          2    None
c - Dazzling Spray        Conj/Hex       ###...       10%         3    ##.....
d - Iskenderun's Mystic   Conj           ####....     10%         4    ####...


Dungeon Overview and Level Annotations

Branches:
Dungeon (3/15)

Altars:
Ashenzari


Message History

Casting: Searing Ray
Confirm with . or Enter, or press ? or * to list all spells.
Aiming: Magic Dart
Press: ? - help, Shift-Dir - straight line The magic dart hits the orc priest.
The orc priest is severely wounded.
The orc priest hits you with a hand axe.
You hit the orc priest but do no damage.
The orc priest is severely wounded.
The orc priest hits you with a hand axe.
* * * LOW HITPOINT WARNING * * *
You barely miss the orc priest.
The orc priest is severely wounded.
The orc priest barely misses you.
You closely miss the orc priest.
The orc priest is severely wounded.
You closely miss the orc priest.
The orc priest is severely wounded.
The orc priest hits you with a hand axe!
You die...

#.# #.# #.# #.# #.#
#######.### ..........#
#####################.#.#
+.†....ggo@...........#.#
#.###.#################.#
#.###. #......#.# #.###o
#.####.#.# ..#g.
#.#<...#.# #gg#.†
#.######.# #..g..
#........# #. #..
##########


You could see an orc priest, a gnoll and a goblin.

Vanquished Creatures
  2 orc wizards (D:3)
  A gnoll (D:3)
  5 adders (D:2)
  An ooze (D:1)
  3 dart slugs
  A leopard gecko (D:1)
  2 orcs (D:3)
  6 giant cockroaches
  5 goblins
  6 hobgoblins (D:1)
  4 jackals (D:2)
  5 kobolds
  A quokka (D:2)
  2 ball pythons (D:2)
  3 bats
  4 frilled lizards (D:1)
  8 rats
59 creatures vanquished.

Notes
Turn   | Place    | Note
-------+----------+-------------------------------------------
     0 | D:1      | hilaritas the Deep Elf Conjurer began the quest for the Orb.
     0 | D:1      | Reached XP level 1. HP: 10/10 MP: 6/6
   383 | D:1      | Reached XP level 2. HP: 14/15 MP: 4/8
   397 | D:1      | Learned a level 2 spell: Searing Ray
   468 | D:1      | Reached skill level 5 in Conjurations
   818 | D:1      | Reached skill level 4 in Spellcasting
   819 | D:1      | Reached XP level 3. HP: 17/19 MP: 1/10
   844 | D:1      | Learned a level 3 spell: Dazzling Spray
  1610 | D:2      | Reached skill level 5 in Spellcasting
  1652 | D:2      | Reached XP level 4. HP: 24/24 MP: 9/13
  1846 | D:2      | Learned a level 4 spell: Iskenderun's Mystic Blast
  2205 | D:2      | Reached skill level 6 in Spellcasting
  2482 | D:3      | Found a shattered altar of Ashenzari.
  2506 | D:3      | Reached XP level 5. HP: 28/28 MP: 6/15
  2515 | D:3      | Slain by an orc priest

Skill      XL: |  1  2  3  4 |
---------------+-------------+-----
Conjurations   | 5 |  5.8
Spellcasting   | 4 5 6 |  6.0
Dodging        | |  2.4
Stealth        | |  2.4

Action                   |  1- 3 |  4- 6 || total
-------------------------+-------+-------++-------
Melee: Unarmed           |     2 |       ||     2
       Dagger            |       |     4 ||     4
 Cast: Magic Dart        |    79 |    39 ||   118
       Searing Ray       |       |     2 ||     2
  Eat: Chunk             |     2 |     2 ||     4
Armor: Robe              |       |     3 ||     3
Dodge: Dodged            |     4 |     3 ||     7
